 Dungeon Crawl Stone Soup version 0.20.1-1-g8b1a95d (webtiles) character file.

155 HuneSparrow the Skirmisher (level 5, 40/42 HPs)
             Began as a Demonspawn Fighter on Aug 9, 2017.
             Quit the game on level 4 of the Dungeon.
             The game lasted 00:05:31 (2410 turns).

HuneSparrow the Skirmisher (Demonspawn Fighter)     Turns: 2410, Time: 00:05:31

Health: 40/42      AC: 12    Str: 17    XL:     5   Next: 14%
Magic:  5/5        EV:  2    Int: 10    God:
Gold:   190        SH:  9    Dex: 12    Spells: 4/4 levels left

rFire    . . .     SeeInvis .   a - +0 long sword
rCold    + . .     Gourm    .   c - +0 shield
rNeg     . . .     Faith    .   n - +0 plate armour
rPois    .         Spirit   .   (no helmet)
rElec    .         Reflect  .   (no cloak)
rCorr    .         Harm     .   r - +0 pair of gloves
MR       .....                  (no boots)
Stlth    ..........             e - amulet of regeneration
Regen    0.6/turn               (no ring)
MPRegen  0.1/turn               (no ring)

@: no status effects
A: hooves 1, cold resistance 1, nightstalker 1
a: no special abilities


You were on level 4 of the Dungeon.
You were not hungry.

You visited 1 branch of the dungeon, and saw 4 of its levels.

You collected 190 gold pieces.

Inventory:

Hand Weapons
 a - a +0 long sword (weapon)
Armour
 c - a +0 shield (worn)
 n - a +0 plate armour (worn)
 r - a +0 pair of gloves (worn)
Jewellery
 e - an amulet of regeneration (around neck)
Wands
 q - a wand of acid (8/15)
Scrolls
 i - 2 scrolls of fear {unknown}
 k - 2 scrolls of teleportation {unknown}
 l - a scroll of noise {unknown}
Potions
 d - a potion of might
 g - 2 potions of haste
 j - a potion of lignification
 m - 3 potions of curing
 o - a potion of resistance {unknown}
Comestibles
 b - a chunk of flesh
 f - 3 bread rations
 h - a royal jelly
 p - a meat ration


   Skills:
 + Level 3.8 Fighting
 * Level 3.3 Long Blades
 + Level 3.4 Armour
 + Level 3.1 Shields


You had 4 spell levels left.
You didn't know any spells.

Dungeon Overview and Level Annotations

Branches:
Dungeon (4/15)
 Temple: D:4-7

Altars:
Dithmenos


Innate Abilities, Weirdness & Mutations

You have large cloven feet.
Your flesh is cold resistant. (rC+)
You are slightly more attuned to the shadows.


Message History

The worker ant bites you but does no damage.
You hit the worker ant.
You kick the worker ant, but do no damage.
The worker ant is moderately wounded.
The worker ant bites you. You block the worker ant's attack.
Some of the chunks of flesh in your inventory have rotted away.
You hit the worker ant. You kick the worker ant.
The worker ant is heavily wounded.
You block the worker ant's attack.
You hit the worker ant but do no damage.
You kick the worker ant.
The worker ant is almost dead.
You block the worker ant's attack.
The worker ant bites you but does no damage.
You slash the worker ant!
You kill the worker ant!
You have reached level 5!
Your demonic ancestry asserts itself...
You slip into the darkness of the dungeon.
Are you sure you want to abandon this character and quit the game? (Confirm with "yes".)

#...........#
#...........#
+...........#
#...........####
#....<.......#
#............#
#............#
+............#
#.......@..>.#
#.........(.>#
#............#
#.......$....#
.............#
............#
########+####


There were no monsters in sight!

Vanquished Creatures
  A worker ant (D:4)
  7 adders
  An ooze (D:3)
  A worm (D:2)
  4 dart slugs
  2 leopard geckos (D:1)
  An orc (D:3)
  A giant cockroach (D:1)
  4 goblins
  7 hobgoblins
  8 kobolds
  2 quokkas (D:2)
  3 ball pythons
  3 bats (D:1)
  3 frilled lizards
  7 rats
55 creatures vanquished.

Notes
Turn   | Place    | Note
-------+----------+-------------------------------------------
     0 | D:1      | HuneSparrow the Demonspawn Fighter began the quest for the Orb.
     0 | D:1      | Reached XP level 1. HP: 18/18 MP: 1/1
   130 | D:1      | Gained mutation: Your flesh is cold resistant. (rC+) [demonic ancestry]
   130 | D:1      | Reached XP level 2. HP: 24/24 MP: 2/2
   628 | D:1      | Gained mutation: You have large cloven feet. [demonic ancestry]
   628 | D:1      | Reached XP level 3. HP: 29/29 MP: 3/3
  1156 | D:2      | Reached XP level 4. HP: 35/35 MP: 4/4
  1753 | D:3      | Found a shadowy altar of Dithmenos.
  2409 | D:4      | Gained mutation: You are slightly more attuned to the shadows. [demonic ancestry]
  2409 | D:4      | Reached XP level 5. HP: 39/42 MP: 5/5
  2410 | D:4      | Quit the game

Skill      XL: |  1  2  3  4 |
---------------+-------------+-----
Long Blades    | 2 3 |  3.3
Armour         | 3 |  3.4
Shields        | 3 |  3.1
Fighting       | |  3.8

Action                   |  1- 3 |  4- 6 || total
-------------------------+-------+-------++-------
Melee: Long sword        |    87 |    98 ||   185
       Kick              |     9 |    15 ||    24
  Use: Scroll            |       |     3 ||     3
  Eat: Chunk             |     1 |     4 ||     5
Armor: Scale mail        |    23 |       ||    23
       Plate armour      |    21 |    73 ||    94
Dodge: Dodged            |    18 |     8 ||    26
Block: Shield            |    40 |    54 ||    94
       Rpst.: Long sword |     5 |     2 ||     7
